 Dungeon Crawl Stone Soup version 0.25.1-2-g60ff931df9 (webtiles) character file.

Game seed: 13740562551824233903

1422 H0rd4k the Insei (level 8, -9/50 HPs)
             Began as an Octopode Transmuter on Aug 24, 2020.
             Killed by nerve-wracking pain
             ... invoked by an orc priest
              (12 damage)
             ... on level 6 of the Dungeon.
             The game lasted 00:14:34 (8686 turns).

H0rd4k the Insei (Octopode Transmuter)              Turns: 8686, Time: 00:14:35

Health: -9/50      AC:  1    Str:  9    XL:     8   Next: 72%
Magic:  14/14      EV: 14    Int: 18    God:
Gold:   381        SH:  0    Dex: 12    Spells: 7/16 levels left

rFire    . . .     SeeInvis .     - Unarmed
rCold    . . .     Gourm    .   (no shield)
rNeg     . . .     Faith    .   (helmet restricted)
rPois    .         Spirit   .   s - amulet of the acrobat
rElec    .         Reflect  .   y - ring of stealth
rCorr    .         Harm     .   (no ring)
MR       .....                  (no ring)
Stlth    +++++.....             (no ring)
HPRegen  0.16/turn              (no ring)
MPRegen  0.14/turn              (no ring)
                                (no ring)
                                (no ring)

@: lethally poisoned (-9 -> -16), appendage
A: almost no armour, stealthy swim, amphibious, 8 rings, constrict 8, tentacle
spike 3, camouflage 1, gelatinous body 1
a: End Transformation


You were on level 6 of the Dungeon.
You were hungry.
One of your tentacles had a temporary spike.
You visited 1 branch of the dungeon, and saw 7 of its levels.
You also visited: Ossuary.

You collected 381 gold pieces.

Inventory:

Missiles
 a - 71 arrows
 i - 7 atropa-tipped darts
 n - 40 poisoned darts (quivered)
Jewellery
 s - an amulet of the acrobat (around mantle)
 y - a ring of stealth (left tentacle)
Scrolls
 b - 2 scrolls of blinking {unknown}
 e - 4 scrolls of magic mapping {unknown}
 f - 2 scrolls of teleportation {unknown}
 j - a scroll of random uselessness {unknown}
 l - a scroll of immolation {unknown}
 m - a scroll of fog {unknown}
 p - 2 scrolls of enchant armour {unknown}
 x - 2 scrolls of remove curse {unknown}
 A - a scroll of enchant weapon {unknown}
Potions
 d - a potion of ambrosia
 g - 3 potions of haste
 h - 5 potions of lignification
 k - 4 potions of curing
 q - 2 potions of might
 r - 2 potions of flight
 t - a potion of degeneration {unknown}
 u - 5 potions of stabbing {unknown}
 v - 2 potions of mutation {unknown}
 w - 3 potions of heal wounds
Comestibles
 c - 16 rations


   Skills:
 + Level 1.9 Fighting
 + Level 1.4 Throwing
 + Level 3.5 Dodging
 + Level 5.5 Stealth
 + Level 6.6 Unarmed Combat
 * Level 4.5 Spellcasting
 * Level 4.8 Transmutations
 + Level 1.1 Poison Magic


You had 7 spell levels left.
You knew the following spells:

 Your Spells              Type           Power        Failure   Level  Hunger
a - Beastly Appendage     Tmut           ###...       1%          1    None
b - Sticks to Snakes      Tmut           ###.....     2%          2    #......
c - Spider Form           Tmut/Pois      ##........   12%         3    ###....
d - Confusing Touch       Hex            #.......     38%         3    ###....

Your spell library contained the following spells:

 Spells                   Type           Power        Failure   Level  Hunger
 Summon Small Mammal      Summ           #...         14%         1    None
 Call Imp                 Summ           #.......     22%         2    #......
 Call Canine Familiar     Summ           #.......     38%         3    ###....
 Gell's Gravitas          Tloc           #.........   38%         3    ###....
 Recall                   Summ/Tloc      N/A          38%         3    ###....
 Summon Guardian Golem    Hex/Summ       #.......     38%         3    ###....
 Ice Form                 Ice/Tmut       ##......     45%         4    ####...
 Petrify                  Tmut/Erth      ##......     45%         4    ####...
 Blade Hands              Tmut           ###.......   45%         5    ######.
 Summon Ice Beast         Ice/Summ       #.......     80%         4    ####...
 Summon Lightning Spire   Summ/Air       #.......     80%         4    ####...
 Yara's Violent Unravell  Hex/Tmut       ##........   82%         5    ######.
 Aura of Abjuration       Summ           #.........   98%         5    ######.
 Metabolic Englaciation   Hex/Ice        #.........   98%         5    ######.
 Summon Demon             Summ           #.........   98%         5    ######.
 Summon Forest            Summ/Tloc      #.........   98%         5    ######.
 Summon Mana Viper        Hex/Summ       #.......     98%         5    ######.
 Shadow Creatures         Summ           N/A          100%        6    #######


Dungeon Overview and Level Annotations

Branches:
Dungeon (7/15)            Ossuary (visited)
 Temple: D:4-7

Altars:
Makhleb
Vehumet
Wu Jian

Shops:
D:4 *

Annotations:
D:3 1 runed translucent door, exclusion: door, Crazy Yiuf
D:4 exclusion: downstairs
D:5 exclusion: phantom
D:6 exclusion: downstairs, Grinder
D:7 exclusion: ugly thing


Innate Abilities, Weirdness & Mutations

You cannot wear most types of armour.
You are very stealthy in the water. (Stealth+)
You are amphibious.
You can wear up to eight rings at the same time.
You can use your tentacles to constrict eight enemies at once.
Your skin changes colour to match your surroundings (Stealth+).
Your rubbery body absorbs attacks. (AC +1, EV +1)
One of your tentacles bears a large vicious spike.


Message History

Pain shoots through your body!
Unknown command.
Magic restored.
You feel sick.
The kobold throws a poisoned dart.
The poisoned dart barely misses you.
The orc priest calls down the wrath of Beogh upon you.
Pain shoots through your body!
* * * LOW HITPOINT WARNING * * *
You climb upwards.
Level annotation: exclusion: downstairs, Grinder
* * * LOW HITPOINT WARNING * * *
You feel sick.
There is a stone staircase leading down here.
You barely miss the orc priest. You grab the orc priest.
The orc priest is almost dead.
You constrict the orc priest, but do no damage.
* * * LOW HITPOINT WARNING * * *
You feel sick.
The orc priest mumbles some strange prayers to Beogh against you.
Pain shoots through your body!
You die...

#.......+.........
##...####.........
#..## ##.......#
#.## ##.....## #.#
##...##
#.##########+##
#.#.......##.#
###.#.#####.##(####
#.@o..# #.##...[#
#.###.#####.#...#.#
#.# #..<..........#
#.###.#####.#...#.#
#.....#####.##..#.#
#####....†>.##.....
##########.##.#
#.##.# #....#


You could see an orc priest.

Vanquished Creatures
  Edmund (D:5)
  A water moccasin (D:5)
  A sky beast (D:5)
  An ogre (D:5)
  4 water moccasin zombies (Ossuary)
  3 scorpions
  A howler monkey (D:4)
  2 crimson imps (D:6)
  A quasit (D:6)
  2 bullfrog skeletons
  2 hounds (D:5)
  Natasha (thrice) (D:3)
  Terence (D:3)
  A worker ant (D:5)
  A big kobold zombie (Ossuary)
  2 mummies (Ossuary)
  A hound skeleton (D:6)
  3 gnolls (D:4)
  9 adders
  An ooze (D:5)
  4 adder zombies (Ossuary)
  2 adder skeletons (D:6)
  3 worms
  2 dart slugs
  A leopard gecko (D:2)
  10 orcs
  4 giant cockroaches
  A gnoll zombie (Ossuary)
  6 hobgoblins
  2 jackals (D:2)
  2 quokkas
  A ball python (D:1)
  9 bats
  6 frilled lizards
  4 goblins
  8 hobgoblin zombies (Ossuary)
  A jackal skeleton (D:4)
  4 kobolds
  2 kobold zombies (Ossuary)
  A leopard gecko zombie (D:6)
  6 orc zombies (Ossuary)
  A quokka skeleton (D:4)
  6 rats
127 creatures vanquished.

Notes
Turn   | Place    | Note
-------+----------+-------------------------------------------
     0 | D:1      | H0rd4k the Octopode Transmuter began the quest for the Orb.
     0 | D:1      | Reached XP level 1. HP: 13/13 MP: 3/3
   361 | D:1      | Reached XP level 2. HP: 17/18 MP: 5/5
   767 | D:1      | Reached skill level 1 in Stealth
   875 | D:1      | Learned a level 2 spell: Sticks to Snakes
   908 | D:2      | Reached XP level 3. HP: 23/23 MP: 4/6
   921 | D:2      | Learned a level 3 spell: Spider Form
  1250 | D:2      | Reached XP level 4. HP: 18/28 MP: 7/7
  1850 | D:3      | Found a runed translucent door.
  1851 | D:3      | Noticed Crazy Yiuf
  2632 | D:3      | Noticed Terence
  2642 | D:3      | Killed Terence
  2642 | D:3      | Reached skill level 4 in Unarmed Combat
  2642 | D:3      | Reached XP level 5. HP: 28/33 MP: 6/9
  2748 | D:3      | Noticed Natasha
  2753 | D:3      | Killed Natasha
  2758 | D:3      | Noticed Natasha
  2787 | D:3      | Killed Natasha
  2877 | D:3      | Noticed Natasha
  2887 | D:3      | Killed Natasha
  3387 | D:4      | Found a sand-covered staircase.
  3391 | Ossuary  | Entered an ossuary
  3430 | Ossuary  | Reached XP level 6. HP: 18/38 MP: 10/10
  3938 | Ossuary  | Reached skill level 5 in Unarmed Combat
  3938 | Ossuary  | Reached XP level 7. HP: 3/43 MP: 10/12
  4352 | Ossuary  | Learned a level 3 spell: Confusing Touch
  4950 | D:4      | Found an ornate altar of the Wu Jian Council.
  5326 | D:4      | Found Wutaock's Assorted Antiques.
  5393 | D:5      | Entered Level 5 of the Dungeon
  6013 | D:5      | Reached skill level 6 in Unarmed Combat
  6013 | D:5      | Reached XP level 8. HP: 20/48 MP: 13/13
  6585 | D:5      | Noticed Edmund
  6646 | D:5      | Killed Edmund
  6821 | D:5      | Found a burning altar of Makhleb.
  6821 | D:5      | Noticed a blizzard demon
  6824 | D:5      | Noticed a ynoxinul
  6944 | D:5      | Reached skill level 1 in Throwing
  7013 | D:5      | Found a radiant altar of Vehumet.
  7035 | D:5      | Reached skill level 5 in Stealth
  7735 | D:6      | Noticed Grinder
  7990 | D:6      | Reached skill level 1 in Poison Magic
  8463 | D:7      | Noticed a purple ugly thing
  8686 | D:6      | Killed from afar by an orc priest

Illustrated notes

Levels and vault maps discovered:
D:1:      minmay_arrival_three_doors, layout_basic, minmay_ruptured
D:2:      layout_rooms
D:3:      layout_loops_ring, uniq_terence, uniq_natasha, uniq_crazy_yiuf_cottage
D:4:      layout_basic, overflow_temple_1_default, serial_shops, shop,
          enter_ossuary_5, chequers_serial_rivers_micro_d
D:5:      layout_basic, kennysheep_little_box, makhleb_altar_promises_db,
          first_ration, uniq_edmund
D:6:      layout_loops_corners, uniq_grinder
D:7:      layout_rooms, kennysheep_mini_moat, minmay_temple_entry_large_hall,
          ebering_ghost_disaster_area

Skill      XL: |  1  2  3  4  5  6  7  8 |
---------------+-------------------------+-----
Stealth        | 1 2 3 4 5 |  5.5
Unarmed Combat | 4 5 6 |  6.6
Transmutations | 3 4 |  4.8
Spellcasting   | 3 4 |  4.5
Dodging        | 3 |  3.5
Throwing       | 1 |  1.4
Poison Magic   | 1 |  1.1
Fighting       | |  1.9

Action                   |  1- 3 |  4- 6 |  7- 9 || total
-------------------------+-------+-------+-------++-------
Melee: Unarmed           |    79 |   140 |   157 ||   376
       Constrict         |    23 |    38 |    39 ||   100
       Tentacles         |     6 |    34 |    26 ||    66
       Kick              |     3 |    20 |    20 ||    43
       Punch             |       |       |     4 ||     4
Throw: Dart              |       |     1 |    18 ||    19
 Cast: Beastly Appendage |     3 |     9 |    13 ||    25
       Spider Form       |       |       |     4 ||     4
Evoke: Wand              |       |       |     3 ||     3
  Use: Scroll            |       |     3 |     3 ||     6
       Potion            |       |       |     1 ||     1
 Stab: Sleeping          |     8 |     9 |    14 ||    31
  Eat: Chunk             |     1 |     6 |    10 ||    17
       Ration            |       |     1 |     1 ||     2
Armor: Skin              |    13 |     8 |     9 ||    30
Dodge: Dodged            |    58 |    52 |    87 ||   197
